 Dungeon Crawl Stone Soup version 0.26-a0-665-gefeb406119 (webtiles) character file.

Game seed: 16221178714498270714

2814 Peloso the Carver (level 9, 0/79 HPs)
             Began as a Minotaur Fighter on Oct 14, 2020.
             Was an Elder of Okawaru.
             Slain by an orc warrior
             ... wielding a +0 trident
              (11 damage)
             ... on level 8 of the Dungeon.
             The game lasted 00:13:29 (6685 turns).

Peloso the Carver (Minotaur Fighter)                Turns: 6685, Time: 00:13:30

Health: 0/79       AC: 15    Str: 22    XL:     9   Next: 44%
Magic:  7/8        EV:  6    Int:  5    God:    Okawaru [****..]
Gold:   406        SH: 11    Dex: 12    Spells: 8/8 levels left

rFire    . . .     SeeInvis .   b - +3 long sword
rCold    . . .     Faith    +   c - +0 kite shield
rNeg     . . .     Spirit   .   y - +0 plate armour
rPois    .         Reflect  .   (helmet restricted)
rElec    .         Harm     .   C - +0 cloak (curse)
rCorr    .         Rampage  .   (no gloves)
MR       .....                  (no boots)
Stlth    ..........             j - amulet of faith
HPRegen  0.23/turn              (no ring)
MPRegen  0.11/turn              (no ring)

@: no status effects
A: retaliatory headbutt, horns 2
a: Heroism, Renounce Religion


You were on level 8 of the Dungeon.
You worshipped Okawaru.
Okawaru was greatly pleased with you.
You visited 2 branches of the dungeon, and saw 9 of its levels.
You also visited: Ossuary.

You collected 406 gold pieces.

Inventory:

Hand Weapons
 a - a +0 vorpal long sword
 b - a +3 long sword (weapon)
Missiles
 g - 80 bolts
Armour
 c - a +0 kite shield (worn)
 y - a +0 plate armour (worn)
 C - a cursed +0 cloak (worn)
Jewellery
 j - an amulet of faith (around neck)
 p - an uncursed amulet of regeneration
 x - an uncursed amulet of magic regeneration
Wands
 r - a wand of random effects (41)
 v - a wand of enslavement (10)
 E - a wand of iceblast (4)
Scrolls
 e - 3 scrolls of remove curse {unknown}
 f - a scroll of noise {unknown}
 h - a scroll of identify
 i - 3 scrolls of immolation {unknown}
 l - 4 scrolls of enchant weapon {unknown}
 m - a scroll of enchant armour {unknown}
 n - 3 scrolls of teleportation
 s - 2 scrolls of magic mapping
 t - 2 scrolls of fog {unknown}
 w - a scroll of blinking {unknown}
 D - a scroll of amnesia {unknown}
Potions
 d - a potion of might
 k - 3 potions of heal wounds
 o - a potion of ambrosia
 q - 2 potions of haste {unknown}
 u - 3 potions of curing
 z - a potion of mutation {unknown}
 A - a potion of resistance {unknown}
 B - a potion of brilliance {unknown}


   Skills:
 + Level 7.3 Fighting
 + Level 9.8 Long Blades
 + Level 8.1 Armour
 + Level 2.5 Dodging
 + Level 0.4 Stealth
 + Level 7.7 Shields
 + Level 0.5 Invocations


You had 8 spell levels left.
You didn't know any spells.
Your spell library contained the following spells:

 Spells                   Type           Power        Failure   Level
 Ice Form                 Ice/Tmut       #.......     100%        4
 Metabolic Englaciation   Hex/Ice        #.........   100%        5
 Freezing Cloud           Conj/Ice/Air   #.........   100%        6
 Ozocubu's Refrigeration  Ice            #.........   100%        6
 Simulacrum               Ice/Necr       #.........   100%        6


Dungeon Overview and Level Annotations

Branches:
Dungeon (8/15)             Temple (1/1) D:4         Ossuary (visited)
   Lair: D:8-11

Altars:
Cheibriados
Dithmenos
Elyvilon
Fedhas
Hepliaklqana
Makhleb
Okawaru
Qazlal
Ru
Trog
Uskayaw
Vehumet
Zin
The Shining One


Innate Abilities, Weirdness & Mutations

You reflexively headbutt those who attack you in melee.
You have a pair of horns on your head.


Message History

You block the orc warrior's attack.
You hit the big kobold.
The big kobold is lightly wounded.
The big kobold hits you but does no damage.
A kobold comes into view. It is wielding a +0 club.
The kobold shouts!
You hit the big kobold but do no damage.
The big kobold is lightly wounded.
You block the orc warrior's attack. The big kobold barely misses you.
You furiously retaliate!
You headbutt the big kobold!
A kobold comes into view. It is wielding a +0 dagger.
You miss the big kobold. Your headbutt misses the big kobold.
The big kobold is heavily wounded.
The orc warrior hits you from afar with a +0 trident!!
* * * LOW HITPOINT WARNING * * *
You block the big kobold's attack.
You hit the big kobold. Your headbutt misses the big kobold.
The big kobold is severely wounded.
The orc warrior hits you from afar with a +0 trident!
You die...

########
#.<....#
#......#
#......#
#......####
#.........#
#......##.
#......# .
###@####
....###K########
#....Koo.......
...#..K##.......
#...K#. .......
##...## .......
##. #...... #
...... .#.#..


You could see an orc warrior, a big kobold, an orc and 3 kobolds.

Vanquished Creatures
  A two-headed ogre (D:8)
  4 orc warriors
  An ogre (D:7)
  3 centaurs
  An elf zombie (Ossuary)
  Blork the orc (D:5)
  A scorpion (D:5)
  8 wights (D:7)
  A bullfrog zombie (D:6)
  A centaur zombie (Ossuary)
  2 hounds
  A quasit (D:5)
  3 orc priests (D:6)
  An iguana (D:7)
  5 orc wizards
  6 worker ants
  A big kobold zombie (Ossuary)
  A hound zombie (D:8)
  2 mummies (Ossuary)
  2 worker ant zombies (D:6)
  7 gnolls
  7 adders
  A shadow imp (D:8)
  An ooze (D:2)
  An adder zombie (Ossuary)
  An adder skeleton (D:6)
  9 worms
  A dart slug (D:2)
  2 leopard geckos
  19 orcs
  7 bats
  8 giant cockroaches
  5 goblins
  12 hobgoblins
  8 jackals
  5 quokkas
  2 ball pythons
  A ball python zombie (D:6)
  3 frilled lizards
  A goblin zombie (Ossuary)
  8 hobgoblin zombies (Ossuary)
  A jackal zombie (Ossuary)
  7 kobolds
  13 kobold zombies (Ossuary)
  8 orc zombies (Ossuary)
  2 quokka skeletons
  14 rats
  2 rat zombies (Ossuary)
202 creatures vanquished.

Notes
Turn   | Place    | Note
-------+----------+-------------------------------------------
     0 | D:1      | Peloso the Minotaur Fighter began the quest for the Orb.
     0 | D:1      | Reached XP level 1. HP: 19/19 MP: 0/0
    96 | D:1      | Reached XP level 2. HP: 25/27 MP: 1/1
   525 | D:1      | Reached XP level 3. HP: 28/33 MP: 2/2
   943 | D:2      | Reached skill level 3 in Long Blades
  1274 | D:2      | Reached XP level 4. HP: 40/40 MP: 3/3
  1300 | D:2      | Reached skill level 1 in Dodging
  1958 | D:3      | Found a hazy altar of Hepliaklqana.
  1996 | D:3      | Reached XP level 5. HP: 47/47 MP: 4/4
  2002 | D:3      | Reached skill level 4 in Long Blades
  2177 | D:3      | Found a shadowy altar of Dithmenos.
  2528 | D:3      | Found a glowing golden altar of the Shining One.
  3080 | D:4      | Reached skill level 5 in Armour
  3268 | D:4      | Found a sacrificial altar of Ru.
  3282 | D:4      | Found a staircase to the Ecumenical Temple.
  3291 | Temple   | Entered the Ecumenical Temple
  3319 | Temple   | Became a worshipper of Warmaster Okawaru
  3466 | D:5      | Entered Level 5 of the Dungeon
  3520 | D:5      | Reached XP level 6. HP: 45/53 MP: 5/5
  3562 | D:5      | Found a white marble altar of Elyvilon.
  3566 | D:5      | Noticed Blork the orc
  3576 | D:5      | Killed Blork the orc
  3576 | D:5      | Reached skill level 5 in Long Blades
  4037 | D:5      | Reached skill level 5 in Fighting
  4037 | D:5      | Reached skill level 5 in Shields
  4224 | D:6      | Noticed an orc warrior
  4229 | D:5      | Reached XP level 7. HP: 50/61 MP: 6/6
  4237 | D:5      | Reached * piety under Okawaru
  4540 | D:6      | Reached skill level 6 in Long Blades
  4603 | D:6      | HP: 1/61 [orc warrior/+0 war axe (5)]
  4734 | D:6      | Reached XP level 8. HP: 52/70 MP: 4/7
  5368 | D:7      | Reached ** piety under Okawaru
  5375 | D:7      | Reached skill level 7 in Long Blades
  5459 | D:7      | Found a sand-covered staircase.
  5545 | Ossuary  | Entered an ossuary
  6016 | D:7      | Reached *** piety under Okawaru
  6144 | D:7      | Reached skill level 8 in Long Blades
  6228 | D:7      | Reached XP level 9. HP: 73/79 MP: 8/8
  6374 | D:7      | Noticed a moth of wrath
  6377 | D:7      | Found a bloodstained altar of Trog.
  6654 | D:8      | Noticed a two-headed ogre
  6676 | D:8      | Killed a two-headed ogre
  6676 | D:8      | Reached **** piety under Okawaru
  6676 | D:8      | Reached skill level 9 in Long Blades
  6685 | D:8      | Slain by an orc warrior

Illustrated notes

Levels and vault maps discovered:
D:1:      dpeg_arrival_arbitrary_a, layout_basic, minmay_split_cup_small
D:2:      layout_loops_ring
D:3:      layout_basic, old_standard_altar, nicolae_dithmenos_shadow_blocks,
          nicolae_tso_swordbearing_angel
D:4:      layout_cave_pools, minmay_temple_entry_trees, nicolae_ru_path_of_blood
D:5:      layout_basic, elyvilon_altar_5, uniq_blork_the_orc
D:6:      layout_cave_pods
D:7:      layout_rooms, tgw_trog, enter_ossuary_5
D:8:      layout_rooms, ashenzari_altar_1, old_standard_altar, lair_entry_dummy,
          nzn_random_ring
Temple:   eino_temple_rhombus

Skill      XL: |  1  2  3  4  5  6  7  8  9 |
---------------+----------------------------+-----
Armour         | 4 5 6 7 8 |  8.1
Fighting       | 4 5 7 |  7.3
Shields        | 4 5 7 |  7.7
Long Blades    | 3 4 5 6 8 9 |  9.8
Dodging        | 1 2 |  2.5
Stealth        | |  0.4
Invocations    | |  0.5

Action                   |  1- 3 |  4- 6 |  7- 9 || total
-------------------------+-------+-------+-------++-------
Melee: Long sword        |    92 |   156 |   292 ||   540
       Headbutt          |    12 |    28 |    66 ||   106
Invok: Heroism           |       |       |     4 ||     4
  Use: Potion            |     3 |     3 |     1 ||     7
       Scroll            |       |       |     5 ||     5
Armor: Scale mail        |    47 |    20 |       ||    67
       Chain mail        |       |    69 |    70 ||   139
       Plate armour      |       |       |    79 ||    79
Dodge: Dodged            |    36 |    45 |    75 ||   156
Block: Kite shield       |    41 |    89 |   173 ||   303
       Rpst.: Long sword |     9 |    13 |    16 ||    38

Table legend: (Time is in decaauts)
 A = Elapsed time spent in this place.
 B = Non-inter-level travel time spent in this place.
 C = Inter-level travel time spent in this place.
 D = Time resting spent in this place.
 E = Time spent auto-exploring this place.
 F = Levels seen in this place.
 G = Mean time per level.
                   A        B        C        D        E       F      G
               +--------+--------+--------+--------+--------+-----+--------+
         Total |   6784 |   6628 |    156 |    936 |   4068 |  10 |  678.4 |
       Dungeon |   6311 |   6155 |    156 |    815 |   3962 |   8 |  788.9 |
        Temple |     40 |     40 |      0 |      0 |     13 |   1 |   40.0 |
       Ossuary |    432 |    432 |      0 |    121 |     93 |   1 |  432.0 |
               +--------+--------+--------+--------+--------+-----+--------+

Top non-repeatable levels by time:
     D:2: 1097 daAuts
     D:5: 1056 daAuts
     D:3: 1017 daAuts
     D:1: 908 daAuts
     D:7: 879 daAuts
     D:6: 841 daAuts
     D:4: 470 daAuts
 Ossuary: 432 daAuts
  Temple: 40 daAuts
     D:8: 40 daAuts
